 Dungeon Crawl Stone Soup version 0.24.0-10-g970556be89 (console) character file.

Game seed: 9977079349423086810, levelgen mode: deterministic

140 AlterAsc the Conjurer (level 5, -3/28 HPs)
             Began as a Deep Elf Conjurer on Nov 3, 2019.
             Slain by a river rat (6 damage)
             ... on level 3 of the Dungeon.
             The game lasted 00:04:06 (1962 turns).

AlterAsc the Conjurer (Deep Elf Conjurer)           Turns: 1962, Time: 00:04:06

Health: -3/28      AC:  2    Str:  5    XL:     5   Next: 2%
Magic:  0/14       EV: 13    Int: 21    God:
Gold:   132        SH:  0    Dex: 15    Spells: 11/14 levels left

rFire    . . .     SeeInvis .   e - +2 dagger (freeze)
rCold    . . .     Gourm    .   (no shield)
rNeg     . . .     Faith    .   a - +0 robe
rPois    .         Spirit   .   (no helmet)
rElec    .         Reflect  .   (no cloak)
rCorr    .         Harm     .   (no gloves)
MR       +....                  (no boots)
Stlth    ++........             (no amulet)
HPRegen  0.09/turn              f - ring of protection from magic
MPRegen  0.14/turn              (no ring)

@: no status effects
A: no striking features
a: no special abilities


You were on level 3 of the Dungeon.
You were not hungry.

You visited 1 branch of the dungeon, and saw 3 of its levels.

You collected 132 gold pieces.

Inventory:

Hand Weapons
 e - a +2 dagger of freezing (weapon)
Armour
 a - a +0 robe (worn)
Jewellery
 f - a ring of protection from magic (left hand)
Scrolls
 b - 4 scrolls of enchant armour {unknown}
 d - 2 scrolls of blinking {unknown}
 g - 2 scrolls of identify {unknown}
 h - a scroll of teleportation {unknown}
 l - 2 scrolls of enchant weapon {unknown}
 n - 2 scrolls of amnesia {unknown}
Potions
 i - a potion of flight {unknown}
 j - 3 potions of heal wounds {unknown}
 k - a potion of curing {unknown}
 m - a potion of ambrosia {unknown}
Comestibles
 c - 5 rations


   Skills:
 - Level 2.7 Dodging
 - Level 2.8 Stealth
 + Level 5.2 Spellcasting
 + Level 5.7 Conjurations


You had 11 spell levels left.
You knew the following spells:

 Your Spells              Type           Power        Failure   Level  Hunger
a - Magic Dart            Conj           ####         1%          1    None
b - Searing Ray           Conj           ####..       1%          2    None

Your spell library contained the following spells:

 Spells                   Type           Power        Failure   Level  Hunger
 Dazzling Spray           Conj/Hex       ###...       10%         3    ##.....
 Iskenderun's Mystic Bla  Conj           ####....     10%         4    ####...
 Force Lance              Conj/Tloc      ###.....     32%         4    ####...
 Fulminant Prism          Conj/Hex       ###.......   32%         4    ####...


Dungeon Overview and Level Annotations

Branches:
Dungeon (3/15)

Altars:

Portals:
Sewer: D:3

Annotations:
D:3 Robin, Sigmund, Terence


Message History

Confirm with . or Enter, or press ? or * to list all spells.
Aiming: Magic Dart (safe; 1% risk of failure)
Press: ? - help, Shift-Dir - straight line, f/p - river rat
Aim: a river rat The magic dart hits the river rat but does no damage.
The river rat closely misses you. The river rat misses you.
You see here a ration.
A rat comes into view.
The river rat bites you.
* * * LOW HITPOINT WARNING * * *
Casting: Magic Dart (safe; 1% risk of failure)
Confirm with . or Enter, or press ? or * to list all spells.
Aiming: Magic Dart (safe; 1% risk of failure)
Press: ? - help, Shift-Dir - straight line, f/p - river rat
Aim: a river rat The magic dart hits the river rat.
The river rat is moderately wounded.
The river rat bites you.
You die...

# #. #####.########
........†....#
##..<.....#
...........r.#
..........@%.#
...≈≈≈.........#
..≈≈≈≈≈......#.....
..≈≈∩≈≈......#.....
..≈≈≈≈≈.....?# ....
!..≈≈≈....###. ....
r...... .. ...
....... ... ...
....


You could see a river rat and a rat (sleeping).

Vanquished Creatures
  Natasha (thrice) (D:2)
  An adder (D:2)
  A river rat (D:3)
  An ooze (D:2)
  A worm (D:3)
  3 leopard geckos
  3 giant cockroaches
  9 goblins
  4 hobgoblins
  5 bats
  A frilled lizard (D:1)
  5 kobolds
  3 rats
40 creatures vanquished.

Notes
Turn   | Place    | Note
-------+----------+-------------------------------------------
     0 | D:1      | AlterAsc the Deep Elf Conjurer began the quest for the Orb.
     0 | D:1      | Reached XP level 1. HP: 10/10 MP: 6/6
   245 | D:1      | Reached XP level 2. HP: 15/15 MP: 6/8
   849 | D:2      | Reached XP level 3. HP: 19/19 MP: 3/10
  1169 | D:2      | Reached skill level 5 in Conjurations
  1312 | D:2      | Noticed Natasha
  1318 | D:2      | Killed Natasha
  1318 | D:2      | Reached XP level 4. HP: 15/24 MP: 3/12
  1385 | D:2      | Noticed Natasha
  1389 | D:2      | Killed Natasha
  1393 | D:2      | Learned a level 2 spell: Searing Ray
  1546 | D:2      | Noticed Natasha
  1560 | D:2      | Killed Natasha
  1560 | D:2      | Reached skill level 5 in Spellcasting
  1782 | D:3      | Noticed Sigmund
  1806 | D:3      | Noticed Terence
  1809 | D:3      | Noticed Robin
  1836 | D:3      | Found a glowing drain.
  1847 | D:2      | Reached XP level 5. HP: 21/28 MP: 1/14
  1962 | D:3      | Slain by a river rat

Levels and vault maps discovered:
D:1:      dpeg_arrival_water_altar, layout_basic
D:2:      layout_loops_corners, uniq_natasha
D:3:      layout_rooms, elyvilon_altar_5, portal_sewer_entry_a,
          grunt_dithmenos_smoke, uniq_terence, uniq_sigmund, uniq_robin,
          uniq_crazy_yiuf_cottage

Skill      XL: |  1  2  3  4 |
---------------+-------------+-----
Spellcasting   | 4 5 |  5.2
Conjurations   | 5 |  5.7
Dodging        | |  2.7
Stealth        | |  2.8

Action                   |  1- 3 |  4- 6 || total
-------------------------+-------+-------++-------
 Cast: Magic Dart        |    61 |    43 ||   104
       Searing Ray       |       |     2 ||     2
  Eat: Chunk             |     1 |     2 ||     3
Armor: Robe              |     2 |     2 ||     4
Dodge: Dodged            |     4 |    18 ||    22
